AoeStats
← King Taco

Arabia

510188595Analyzed
1v1 RM · 2d ago on Sep 29, 2026· 44m 39s· 2 players
Game mode
Random Map
Map size
Tiny (2 player)
Population
200
Speed
Normal
Resources
Standard
Victory
Conquest
Starting age
Dark Age
Ending age
Imperial Age
RankedLock teamsTeams togetherTeam positionsShared explorationLock speedFull tech treeHidden civsTurbo modeCheats
Victory
Defeat
🇲🇽 Magyars · Mexico
1027
+16
🇨🇴 Tatars · Colombia
1032
-16
King Taco
3:18 Loom
11:18 Feudal Age
15:16 Castle Age
15:57 Scale Barding Armor
18:40 Double-Bit Axe
19:34 Town Watch
19:54 Horse Collar
25:05 Wheelbarrow
37:48 Imperial Age
37:00 Bloodlines
43:47 Illumination
43:40 Block Printing
43:27 Devotion
44:34 Conscription
VicarialDock950
9:46 Feudal Age
10:45 Double-Bit Axe
13:57 Wheelbarrow
14:20 Horse Collar
19:18 Castle Age
18:11 Gold Mining
18:30 Stone Mining
19:15 Loom
21:34 Hand Cart
22:59 Husbandry
24:44 Bloodlines
36:04 Devotion
36:32 Town Watch
43:23 Imperial Age
42:13 Forging
42:08 Scale Barding Armor
Connection lost

Rejoining the realm…

Still unreachable

The connection could not be restored.

Session expired

The server has moved on; the page needs a fresh start.